 Dungeon Crawl Stone Soup version 0.19.4-25-g1b72edd (webtiles) character file.

13095 Eitelfritz the Impaler (level 12, -11/97 HPs)
             Began as a Merfolk Gladiator on Feb 28, 2017.
             Was a High Priest of Okawaru.
             Mangled by an orc knight
             ... wielding a cursed -3 dire flail
              (15 damage)
             ... on level 10 of the Dungeon.
             The game lasted 01:36:29 (16831 turns).

Eitelfritz the Impaler (Merfolk Gladiator)         Turns: 16831, Time: 01:36:29

Health: -11/97     AC: 11    Str: 16    XL:     12   Next: 2%
Magic:  12/13      EV:  9    Int:  9    God:    Okawaru [*****.]
Gold:   611        SH:  0    Dex: 17    Spells: 1 memorised, 11 levels left

rFire  . . .     SeeInvis .     b - +0 halberd (drain)
rCold  + . .     Gourm    .     O - +0 scale mail {MR+}
rNeg   . . .     Faith    .     (shield currently unavailable)
rPois  .         Spirit   .     c - +0 helmet
rElec  .         Reflect  .     q - +0 cloak
rCorr  .         Harm     .     (no gloves)
MR     +....                    R - +2 pair of boots
Stlth  ..........               (no amulet)
                                (no ring)
                                N - ring of protection from cold

@: slowed, very heavily drained, very slow
A: change form in water, swift swim, stealthy swim
a: Heroism, Finesse, Renounce Religion


You were on level 10 of the Dungeon.
You worshipped Okawaru.
Okawaru was extremely pleased with you.
You were not hungry.

You visited 3 branches of the dungeon, and saw 14 of its levels.
You also visited: Sewer.

You collected 947 gold pieces.
You spent 336 gold pieces at shops.

Inventory:

Hand Weapons
 a - a +1 trident of venom
 b - a +0 halberd of draining (weapon)
 p - a +0 glaive
 B - a +1 dagger of holy wrath
 C - a +4 whip
Missiles
 d - 3 throwing nets
 E - 6 javelins of returning (quivered)
Armour
 c - a +0 helmet (worn)
 q - a +0 cloak (worn)
 s - a +0 chain mail of poison resistance
 x - a +2 ring mail of cold resistance
 L - a +0 troll leather armour
 O - a +0 scale mail of magic resistance (worn)
 R - a +2 pair of boots (worn)
 V - the +2 ring mail of Love and Death {rPois rN+ Stlth-}
   (You bought it in a shop on level 10 of the Dungeon)

   It protects you from poison.
   It protects you from negative energy.
   It makes you less stealthy.
Jewellery
 H - a +3 amulet of reflection {unknown}
 N - a ring of protection from cold (left hand)
Wands
 D - a wand of flame (35/48)
 G - a wand of iceblast (15/15)
 I - a wand of acid (9/15)
 P - a wand of digging (11/24)
 T - a wand of disintegration (9/24)
Scrolls
 g - a scroll of fog
 r - a scroll of remove curse
 t - a scroll of magic mapping
 u - a scroll of noise
Potions
 e - 2 potions of curing
 h - 3 potions of flight {unknown}
 i - a potion of magic {unknown}
 j - 2 potions of agility
 k - 2 potions of brilliance {unknown}
 m - a potion of cancellation
 v - a potion of invisibility
 z - 3 potions of haste
 A - 3 potions of degeneration {unknown}
 F - 2 potions of lignification {unknown}
Books
 J - a book of Misfortune

   Spells                             Type                      Level
   a - Confusing Touch                Hexes                        1
   b - Confuse                        Hexes                        3
   c - Gell's Gravitas                Hexes/Translocation          3
   d - Petrify                        Transmutation/Earth          4
   e - Metabolic Englaciation         Hexes/Ice                    5
   f - Yara's Violent Unravelling     Hexes/Transmutation          5
 K - a book of Cantrips

   Spells                             Type                      Level
   a - Confusing Touch                Hexes                        1
   b - Animate Skeleton               Necromancy                   1
   c - Summon Small Mammal            Summoning                    1
   d - Apportation                    Translocation                1
 M - a book of Callings

   Spells                             Type                      Level
   a - Summon Small Mammal            Summoning                    1
   b - Call Imp                       Summoning                    2
   c - Call Canine Familiar           Summoning                    3
   d - Summon Guardian Golem          Hexes/Summoning              3
   e - Summon Lightning Spire         Summoning/Air                4
   f - Summon Ice Beast               Ice/Summoning                4
Miscellaneous
 w - a sack of spiders
Comestibles
 f - 5 bread rations
 n - 6 meat rations
 o - 5 fruits
 U - 4 royal jellies


   Skills:
 + Level 10.3(0.0) Fighting
 + Level 16.0(0.0) Polearms
 + Level 2.0(0.0) Throwing
 + Level 6.7(0.0) Armour
 + Level 9.6(0.0) Dodging
 + Level 4.3(0.0) Stealth
 + Level 0.8(0.0) Spellcasting
 + Level 1.2(0.0) Summonings
 + Level 0.2(0.0) Invocations


You had 11 spell levels left.
You knew the following spells:

 Your Spells              Type           Power        Failure   Level  Hunger
a - Summon Small Mammal   Summ           #...         98%         1    ##.....


Dungeon Overview and Level Annotations

Branches:
Dungeon (11/15)            Temple (1/1) D:6             Orc (2/2) D:10
   Lair: D:8-11         Elf: Orc:2

Altars:
Ashenzari
Cheibriados
Dithmenos
Elyvilon
Fedhas
Gozag
Hepliaklqana
Kikubaaqudgha
Makhleb
Nemelex Xobeh
Okawaru
Qazlal
Ru
Sif Muna
Trog
Uskayaw
Vehumet
Xom
Yredelemnul
Zin
The Shining One

Shops:
D:4 %   D:5 :   D:7 (   D:10 [

Annotations:
D:10 Sonja


Message History

Sonja hits you but does no damage.
You feel drained.
Sonja hits you with an uncursed dagger of draining.
* * * LOW HITPOINT WARNING * * *
You feel drained.
The orc knight hits you but does no damage.
Sonja hits you but does no damage.
You feel drained. Sonja barely misses you. Sonja hits you but does no damage.
You feel drained. Sonja hits you but does no damage.
You feel drained. Sonja closely misses you. Sonja hits you but does no damage.
You feel drained. The orc knight closely misses you.
You miss Sonja.
You feel like a meek peon again. Sonja completely misses you.
Sonja hits you but does no damage.
You feel drained. Sonja hits you but does no damage.
You feel drained.
Sonja mumbles some strange words.
Sonja blinks!
The orc knight hits you with a dire flail!
* * * LOW HITPOINT WARNING * * *
The orc knight hits you with a dire flail!
You die...

.................########.#
########.........## #.#
#........).### #.#
#.######[....#####.# #.#
#.....8.....##.#
#.###...[)......##.#######
#...^...)[[)........(.....
#.#..8...o>[...8......####
########.##.....@)...........#
.........###..K.ยง......#.<...#
##.#####.# #.....8.....#.....#
#.# #.######.....####.....####
#.# #....)).......)...........
#.# #.#######...........######
##.#####.# #...........#
.........# #...........#
##.#####.# #...........#


You could see an orc knight and Sonja.

Vanquished Creatures
  An orc knight (Orc:1)
  2 hill giants (D:10)
  An orc sorcerer (D:10)
  A deep elf mage (D:10)
  Joseph (D:10)
  5 trolls
  The ghost of donomii the Chopper, an amateur DsBe of Trog (D:4)
  Grinder (D:6)
  A slime creature (D:7)
  A two-headed ogre (D:10)
  A wyvern (D:10)
  6 yaks
  A basilisk (D:10)
  A human (D:10)
  A hungry ghost (D:7)
  A water moccasin (D:8)
  2 porcupines (D:10)
  20 orc warriors
  2 sky beasts
  2 ice beasts (D:6)
  A black bear (D:8)
  A necrophage (D:10)
  8 ogres
  3 phantoms
  6 centaurs
  A crocodile (D:10)
  3 big kobolds (Sewer)
  3 bullfrogs
  5 scorpions
  10 killer bees
  A howler monkey (D:9)
  5 crimson imps
  2 bullfrog zombies
  A centaur zombie (D:6)
  A quasit (D:9)
  2 hounds
  11 orc priests
  18 orc wizards
  3 bullfrog skeletons
  A centaur skeleton (D:6)
  8 iguanas
  Ijyb (D:2)
  6 worker ants
  A killer bee zombie (D:7)
  A howler monkey zombie (D:6)
  A worker ant zombie (D:8)
  8 gnolls
  12 adders
  A howler monkey skeleton (D:6)
  2 river rats
  5 shadow imps
  6 oozes
  An adder zombie (D:6)
  2 adder skeletons
  A worm (D:2)
  2 dart slugs (D:1)
  11 leopard geckos
  68 orcs
  9 bats
  9 giant cockroaches
  7 hobgoblins
  19 jackals
  7 quokkas
  2 ball pythons (D:5)
  A ball python skeleton (D:6)
  8 frilled lizards
  8 goblins
  A jackal zombie (D:6)
  17 kobolds
  A leopard gecko zombie (D:8)
  A quokka skeleton (D:5)
  9 rats
374 creatures vanquished.

Vanquished Creatures (others)
  A bullfrog (D:10)
  2 orcs (D:10)
3 creatures vanquished.

Grand Total: 377 creatures vanquished

Notes
Turn   | Place    | Note
-------+----------+-------------------------------------------
     0 | D:1      | Eitelfritz the Merfolk Gladiator began the quest for the Orb.
     0 | D:1      | Reached XP level 1. HP: 16/16 MP: 1/1
   162 | D:1      | Reached XP level 2. HP: 16/22 MP: 2/2
   210 | D:1      | Reached skill level 5 in Polearms
   512 | D:1      | Reached XP level 3. HP: 27/27 MP: 3/3
  1167 | D:2      | Reached XP level 4. HP: 33/34 MP: 4/4
  1211 | D:2      | Noticed Ijyb
  1258 | D:2      | Killed Ijyb
  1258 | D:2      | Reached skill level 6 in Polearms
  1487 | D:2      | Reached skill level 1 in Armour
  1692 | D:3      | Reached XP level 5. HP: 41/41 MP: 5/5
  2138 | D:3      | Reached skill level 1 in Stealth
  2145 | D:3      | Reached skill level 5 in Dodging
  2396 | D:3      | Reached skill level 7 in Polearms
  2500 | D:3      | Reached XP level 6. HP: 14/47 MP: 6/6
  3229 | D:4      | Found Rigin's Food Emporium.
  3240 | D:5      | Entered Level 5 of the Dungeon
  3257 | D:5      | Reached skill level 8 in Polearms
  3257 | D:5      | Reached XP level 7. HP: 24/53 MP: 7/7
  3853 | D:5      | Found a glowing drain.
  3864 | Sewer    | Entered a sewer
  4263 | Sewer    | Reached skill level 9 in Polearms
  4405 | Sewer    | Reached XP level 8. HP: 61/61 MP: 8/8
  4486 | D:5      | Found Qetemyxa's Book Boutique.
  4862 | D:4      | Noticed donomii's ghost (amateur DsBe)
  4893 | D:4      | Killed donomii's ghost
  4893 | D:4      | Reached skill level 10 in Polearms
  5503 | D:4      | You fall through a shaft for 2 floors!
  5532 | D:6      | Reached skill level 11 in Polearms
  5755 | D:6      | Reached skill level 5 in Fighting
  6069 | D:5      | Reached XP level 9. HP: 68/68 MP: 9/9
  7016 | D:6      | Noticed Grinder
  7038 | D:6      | Killed Grinder
  7038 | D:6      | Reached skill level 12 in Polearms
  7209 | D:6      | Found a shadowy altar of Dithmenos.
  7283 | D:6      | Found a staircase to the Ecumenical Temple.
  7299 | Temple   | Entered the Ecumenical Temple
  7425 | Temple   | Became a worshipper of Warmaster Okawaru
  8729 | D:7      | Reached skill level 13 in Polearms
  8849 | D:7      | Found a glowing golden altar of the Shining One.
  8908 | D:7      | Reached * piety under Okawaru
  8940 | D:7      | Learned a level 1 spell: Summon Small Mammal
  9037 | D:8      | Reached XP level 10. HP: 40/77 MP: 10/10
  9277 | D:7      | Found Ofarye Numo's Weapon Shoppe.
  9280 | D:7      | Bought a +0 halberd for 48 gold pieces
 10879 | D:8      | Found a snail-covered altar of Cheibriados.
 10879 | D:8      | Found a faded altar of an unknown god.
 10892 | D:8      | Reached ** piety under Okawaru
 10901 | D:8      | Reached skill level 5 in Armour
 10914 | D:8      | Found a sparkling altar of Nemelex Xobeh.
 10947 | D:8      | Found a bloodstained altar of Trog.
 10949 | D:8      | Found a hazy altar of Hepliaklqana.
 11167 | D:9      | Reached skill level 14 in Polearms
 11438 | D:9      | Reached *** piety under Okawaru
 12025 | D:9      | Reached XP level 11. HP: 87/87 MP: 11/11
 12034 | D:10     | Entered Level 10 of the Dungeon
 12084 | D:10     | Noticed a deep elf mage
 12922 | D:10     | Found Koig's Antique Armour Emporium.
 12938 | D:10     | Reached skill level 1 in Summonings
 12984 | D:10     | Bought an ancient ring mail for 288 gold pieces
 12994 | D:10     | Identified the +2 ring mail of Love and Death {rPois rN+ Stlth-} (You bought it in a shop on level 10 of the Dungeon)
 13036 | D:10     | Killed a deep elf mage
 13036 | D:10     | Received a gift from Okawaru
 13222 | D:10     | Noticed a hill giant
 13240 | D:10     | Killed a hill giant
 13240 | D:10     | Reached **** piety under Okawaru
 13420 | D:10     | Found a staircase to the Orcish Mines.
 13492 | D:10     | Noticed Joseph
 13493 | D:10     | Noticed an orc sorcerer
 13517 | D:10     | Killed Joseph
 13641 | D:10     | Reached skill level 15 in Polearms
 14266 | D:10     | Noticed a hill giant
 14300 | D:10     | Killed a hill giant
 14577 | Orc:1    | Entered Level 1 of the Orcish Mines
 14577 | Orc:1    | Noticed an orc sorcerer
 14592 | D:10     | Killed an orc sorcerer
 14994 | D:10     | Reached ***** piety under Okawaru
 15835 | Orc:2    | Entered Level 2 of the Orcish Mines
 15835 | Orc:2    | Noticed Sonja
 16126 | Orc:1    | Reached skill level 10 in Fighting
 16275 | Orc:2    | Noticed an orc knight
 16356 | Orc:1    | Killed an orc knight
 16489 | Orc:1    | Received a gift from Okawaru
 16489 | Orc:1    | Reached XP level 12. HP: 47/97 MP: 13/13
 16494 | Orc:1    | Reached skill level 16 in Polearms
 16831 | D:10     | HP: 4/97 [orc knight/dire flail (9)]
 16831 | D:10     | Mangled by an orc knight

Skill      XL: |  1  2  3  4  5  6  7  8  9 10 11 12 |
---------------+-------------------------------------+-----
Polearms       | 5 6 7 8 9 11 13 14 15 16 | 16.0
Armour         | 1 2 4 5 6 |  6.7
Fighting       | 3 4 5 6 8 10 | 10.3
Stealth        | 1 2 3 4 |  4.3
Dodging        | 5 6 7 8 9 |  9.6
Summonings     | 1 |  1.2
Throwing       | |  2.0
Spellcasting   | |  0.8
Invocations    | |  0.2

Action                   |  1- 3 |  4- 6 |  7- 9 | 10-12 || total
-------------------------+-------+-------+-------+-------++-------
Melee: Trident           |   109 |   270 |   411 |   501 ||  1291
       Tailslap          |       |       |    13 |       ||    13
       Halberd           |       |       |   173 |   243 ||   416
Invok: Heroism           |       |       |       |     4 ||     4
  Use: Scroll            |       |    16 |    10 |     7 ||    33
       Potion            |       |     1 |     6 |    10 ||    17
 Stab: Sleeping          |     2 |     1 |     3 |     1 ||     7
  Eat: Chunk             |     1 |     7 |    10 |    11 ||    29
       Meat ration       |       |       |     1 |     2 ||     3
       Pizza             |       |       |     1 |       ||     1
       Bread ration      |       |       |     1 |     1 ||     2
Armor: Leather armour    |    25 |    53 |    44 |       ||   122
       Ring mail         |       |       |    79 |     6 ||    85
       Scale mail        |       |       |       |   132 ||   132
       Troll leather arm |       |       |       |     9 ||     9
       Chain mail        |       |       |       |   185 ||   185
Dodge: Dodged            |    82 |   167 |   345 |   517 ||  1111
